 Dungeon Crawl Stone Soup version 0.25.0-9-g26727b657a (webtiles) character file.

Game seed: 15991634807137678873

85 MisterFreud the Skirmisher (level 4, -6/41 HPs)
             Began as a Hill Orc Fighter on June 21, 2020.
             Was an Initiate of Qazlal.
             Mangled by an ogre
             ... wielding a +0 giant spiked club
              (24 damage)
             ... on level 4 of the Dungeon.
             The game lasted 00:02:37 (1318 turns).

MisterFreud the Skirmisher (Hill Orc Fighter)       Turns: 1318, Time: 00:02:38

Health: -6/41      AC: 12    Str: 19    XL:     4   Next: 48%
Magic:  4/4        EV:  7    Int:  8    God:    Qazlal [......]
Gold:   109        SH:  9    Dex: 10    Spells: 3/3 levels left

rFire    . . .     SeeInvis .   a - +0 war axe
rCold    . . .     Gourm    .   c - +0 kite shield
rNeg     . . .     Faith    .   b - +0 scale mail
rPois    .         Spirit   .   (no helmet)
rElec    .         Reflect  .   (no cloak)
rCorr    .         Harm     .   k - +0 pair of gloves
MR       .....                  (no boots)
Stlth    ..........             (no amulet)
HPRegen  0.13/turn              g - +4 ring of protection
MPRegen  0.09/turn              (no ring)

@: mighty, lethally poisoned (-6 -> -9)
A: no striking features
a: Renounce Religion


You were on level 4 of the Dungeon.
You worshipped Qazlal.
Qazlal was noncommittal.
You were not hungry.

You visited 2 branches of the dungeon, and saw 4 of its levels.

You collected 109 gold pieces.

Inventory:

Hand Weapons
 a - a +0 war axe (weapon)
Armour
 b - a +0 scale mail (worn)
 c - a +0 kite shield (worn)
 k - a +0 pair of gloves (worn)
Jewellery
 g - a +4 ring of protection (left hand)
Scrolls
 e - a scroll of magic mapping {unknown}
 j - 4 scrolls of teleportation {unknown}
 l - a scroll of remove curse {unknown}
 m - a scroll of fog {unknown}
 n - 2 scrolls of identify {unknown}
Potions
 h - a potion of brilliance {unknown}
 o - a potion of resistance {unknown}
 p - a potion of cancellation {unknown}
Comestibles
 f - 6 rations
 i - 2 chunks of flesh


   Skills:
 + Level 4.4 Fighting
 + Level 3.8 Axes
 + Level 4.0 Armour
 + Level 4.0 Shields
 * Level 0.0 Invocations


You had 3 spell levels left.
You didn't know any spells.
Your spell library was empty.

Dungeon Overview and Level Annotations

Branches:
Dungeon (4/15)             Temple (1/1) D:4

Altars:
Ashenzari
Cheibriados
Gozag
Nemelex Xobeh
Qazlal
Vehumet
Wu Jian
Xom

Annotations:
D:2 Robin


Message History

You are poisoned.
The orc hits you but does no damage.
Your shield and scale mail prevent you from hitting the ogre.
You hit the plant but do no damage. You barely miss the orc.
You hit the plant but do no damage.
You feel sick.
The jackal bites the plant but does no damage.
The orc hits you but does no damage.
The jackal bites the plant but does no damage.
The orc barely misses you. You block the ogre's attack.
Unknown command.
Unknown command.
You slash the ogre!
The ogre is heavily wounded.
You hit the plant. You barely miss the orc. You hit the plant.
The jackal bites the plant but does no damage.
You block the orc's attack.
The orc hits you from afar with a +0 trident.
The ogre hits you with a +0 giant spiked club!!
Ouch! That really hurt!
You die...

......##
#.####.......
#.#.........$
###.#.#........
...............
...........#
#...o# # #.#O.##
###.###.hP@P#
#......###o##
#...##.P#hhh#P###.
... #....>.....^.
. ##P#...#P..#.
####.##...# P.P.
..# ..... .#
........#


You could see an ogre, 2 orcs and 4 jackals.

Vanquished Creatures
  2 adders (D:2)
  An ooze (D:2)
  A worm (D:2)
  2 dart slugs (D:1)
  4 leopard geckos
  2 giant cockroaches
  10 goblins
  6 hobgoblins
  5 jackals (D:1)
  3 quokkas
  3 bats
  A frilled lizard (D:1)
  6 kobolds
  2 rats
48 creatures vanquished.

Notes
Turn   | Place    | Note
-------+----------+-------------------------------------------
     0 | D:1      | MisterFreud the Hill Orc Fighter began the quest for the
                  | Orb.
     0 | D:1      | Reached XP level 1. HP: 19/19 MP: 1/1
     2 | D:1      | Noticed a troll
     2 | D:1      | Noticed a tengu
     4 | D:1      | Noticed a merfolk
     4 | D:1      | Noticed a felid
    10 | D:1      | Noticed a halfling
    10 | D:1      | Noticed a formicid
    12 | D:1      | Noticed a centaur
    12 | D:1      | Noticed a demonspawn
    14 | D:1      | Noticed an octopode
    14 | D:1      | Noticed a vampire
    16 | D:1      | Noticed an ogre
    16 | D:1      | Noticed a naga
    18 | D:1      | Noticed a minotaur
    18 | D:1      | Noticed a vine stalker
    20 | D:1      | Noticed a gargoyle
    20 | D:1      | Noticed a spriggan
    22 | D:1      | Noticed a draconian
    24 | D:1      | Noticed a dwarf
    24 | D:1      | Noticed a ghoul
    26 | D:1      | Noticed a demigod
    28 | D:1      | Noticed a human
    28 | D:1      | Noticed an elf
   172 | D:1      | Reached XP level 2. HP: 27/27 MP: 2/2
   561 | D:1      | Reached XP level 3. HP: 29/33 MP: 3/3
   794 | D:2      | Noticed Robin
   988 | D:2      | Reached XP level 4. HP: 40/40 MP: 4/4
  1154 | D:2      | You fall into a shaft and drop 2 floors!
  1154 | D:4      | Found a staircase to the Ecumenical Temple.
  1154 | D:4      | Noticed an ogre
  1161 | Temple   | Entered the Ecumenical Temple
  1288 | Temple   | Became a worshipper of Qazlal Stormbringer
  1318 | D:4      | Mangled by an ogre

Illustrated notes

Levels and vault maps discovered:
D:1:      kb_arrival_jail, layout_loops_ring, minmay_misc_feat_alley
D:2:      minmay_inner_zag, layout_basic, uniq_robin
D:4:      layout_basic, nicolae_overflow_hidden_temple,
          minmay_temple_entry_gardened_gates, guppyfry_early_orc_mine
Temple:   regret_index_temple_generic_petals

Skill      XL: |  1  2  3  4 |
---------------+-------------+-----
Axes           | 3 |  3.8
Fighting       | 4 |  4.4
Armour         | 4 |  4.0
Shields        | 4 |  4.0

Action                   |  1- 3 |  4- 6 || total
-------------------------+-------+-------++-------
Melee: War axe           |   105 |    42 ||   147
  Use: Potion            |       |     1 ||     1
  Eat: Chunk             |       |     2 ||     2
Armor: Scale mail        |    71 |    28 ||    99
Dodge: Dodged            |    30 |    18 ||    48
Block: Kite shield       |    75 |    26 ||   101
